cohdb
Replays
Latest Replays
All Replays
Popular Replays
Top Player Replays
Match Explorer
How It Works
Community
CoH3 Stats
Reddit
Sign in to upload your games and track your stats! →
Sign in with Steam
Match 42367907
Unlisted
Match 42367907
Overview
Messages
Build Orders
End
Construct Section Command Post
ML 3-inch Mortar Team
Infantry Section
Royal Engineer Section
Construct Platoon Command Post
6-pounder Anti-tank Gun Team
Infantry Section
Infantry Training
Royal Engineer Section
Infantry Section
Construct Company Command Post
Vickers Machine Gun Team
Selects Heavy Armor Battlegroup
Selects Rigorous Vehicle Training
Selects Light Vehicle Withdraw and Refit
Selects UNKNOWN (202330)
Selects Recon Artillery
Crusader AA Medium Tank
Construct Field Infirmary
Recon Artillery
Foot Guards Section
Crusader AA Medium Tank
Royal Engineer Section
Grenade Package
Selects Forward Repair Assembly
Hendy
Mihono Bourbon
MOSH MOSHI
Medic#2
Andolas
simranjitsingh713
0
0
Comments
sign in to comment!
No comments posted yet!